Map: Dusk Towers

Players

HloKeY - Winner!

  • Race: Terran Terran
  • League: Master

Miszu

  • Race: Terran Terran
  • League: Master

VOD

Have the link to the VOD?

Description

Time

  • Played on: May 2, 2016, 9:26 a.m.
  • Length: 8:27
Show
View Real Time Build Order
Export as new Build Order

HloKeY Terran - Winner!

Build Orders: MMM Bio 

Get SALT Encoding   

  12  0:01  SCV  
  13  0:13  SCV  
  14  0:17  Supply Depot  
  14  0:25  SCV  
  15  0:39  SCV  
  15  0:41  Barracks  
  16  0:47  Refinery  
  16  0:51  SCV  
  17  1:03  SCV  
  18  1:15  SCV  
  19  1:29  Orbital Command  
  19  1:31  Barracks Reactor  
  19  1:44  Command Center  
  19  1:54  SCV  
  19  1:57  Supply Depot  
  20  2:06  SCV  
  20  2:07  Marine x2  
  23  2:13  Factory  
  22  2:19  SCV  
  23  2:23  Refinery  
  23  2:25  Marine  
  23  2:27  Marine  
  25  2:31  SCV  
  26  2:43  Marine, SCV  
  28  2:45  Marine  
  29  2:55  SCV, Orbital Command  
  30  3:01  Starport  
  30  3:02  Factory Tech Lab  
  30  3:05  Marine  
  31  3:08  Marine  
  31  3:10  SCV  
  33  3:20  Siege Tank  
  33  3:22  SCV x2  
  38  3:31  Marine x2  
  40  3:34  SCV x2  
  42  3:42  Supply Depot  
  42  3:44  Viking  
  44  3:49  Supply Depot  
  44  3:51  SCV  
  45  3:59  Marine  
  46  4:04  Siege Tank  
  46  4:21  Engineering Bay  
  46  4:25  SCV  
  46  4:27  SCV  
  48  4:32  Barracks  
  48  4:38  Barracks, SCV  
  49  4:40  Starport Reactor  
  49  4:43  Marine  
  49  4:44  SCV  
  51  4:52  Missile Turret  
  51  4:53  Marine  
  51  4:57  SCV  
  51  4:58  SCV  
  54  5:05  Supply Depot  
  54  5:09  SCV  
  54  5:10  SCV  
  54  5:13  Missile Turret  
  54  5:21  Marine  
  54  5:26  Barracks Tech Lab  
  54  5:27  Barracks Tech Lab  
  52  5:29  SCV  
  52  5:32  SCV  
  52  5:36  Marine  
  52  5:39  Medivac  
  52  5:40  Medivac  
  52  5:42  SCV  
  58  5:44  Stimpack, Combat Shields  
  58  5:48  SCV  
  59  5:53  Supply Depot  
  59  5:55  Terran Infantry Weapons Level 1, Marine  
  59  5:57  Marine  
  60  6:01  Marine  
  60  6:02  Marine  
  57  6:13  Marine  
  57  6:14  Marine  
  58  6:19  Marine  
  58  6:20  SCV  
  58  6:24  Marine, SCV  
  61  6:32  Marine  
  62  6:34  Barracks x2, SCV  
  62  6:37  Marine x2  
  62  6:38  Command Center  
  65  6:43  Siege Tank  
  65  6:44  SCV  
  69  6:50  Refinery  
  69  6:51  Refinery  
  69  6:53  Marine  
  70  6:57  Marine  
  70  6:58  Supply Depot  
  70  7:00  Marine  
  72  7:03  Medivac  
  72  7:05  SCV  
  75  7:09  Supply Depot  
  75  7:11  Medivac  
  75  7:14  Marine  
  78  7:20  Marine  
  79  7:24  Barracks Reactor x2  
  79  7:28  Marine  
  80  7:32  Marine  
  80  7:36  Marine  
  82  7:40  Engineering Bay, Armory  
  82  7:41  Marine  
  82  7:42  SCV  
  84  7:46  Marine  
  84  7:50  Marine  
  86  7:54  Marine  
  86  7:57  SCV  
  88  7:59  Marine  
  88  8:00  SCV  
  88  8:04  Marine  
  91  8:08  Marine x2  
  91  8:09  Marine x2, SCV  
Show
View Real Time Build Order
Export as new Build Order

Miszu Terran 

Build Orders: 1/1/1, MMM Bio, Banshee Rush 

Get SALT Encoding   

  12  0:00  SCV  
  13  0:12  SCV  
  14  0:17  Supply Depot  
  14  0:24  SCV  
  15  0:29  Refinery  
  15  0:38  SCV  
  16  0:44  Barracks  
  16  0:51  SCV  
  16  0:56  Refinery  
  17  1:03  SCV  
  18  1:15  SCV  
  19  1:27  SCV  
  20  1:33  Factory  
  20  1:34  Reaper  
  20  1:39  Orbital Command  
  21  1:46  Supply Depot  
  21  2:05  SCV  
  21  2:06  Reaper  
  23  2:17  Hellion  
  23  2:18  Starport  
  23  2:19  SCV  
  26  2:26  Supply Depot  
  26  2:31  SCV  
  27  2:38  Reaper  
  27  2:39  Hellion  
  30  2:44  SCV  
  31  2:54  Medivac  
  33  3:00  Hellion  
  35  3:11  Barracks Tech Lab  
  35  3:12  SCV  
  36  3:18  Command Center  
  36  3:26  SCV  
  37  3:29  Supply Depot  
  37  3:36  Cloaking Field  
  37  3:42  SCV  
  38  3:48  Barracks Reactor, Factory Tech Lab  
  38  3:51  Supply Depot, Banshee  
  40  4:19  SCV  
  41  4:26  Command Center  
  41  4:33  Banshee  
  44  4:40  SCV  
  44  4:43  Orbital Command  
  45  4:49  Marine x2  
  50  4:53  SCV  
  50  4:58  Barracks  
  48  5:00  Barracks  
  48  5:05  SCV  
  49  5:08  SCV  
  50  5:17  SCV  
  50  5:20  SCV  
  42  5:29  SCV  
  42  5:33  SCV  
  41  5:37  Orbital Command  
  41  5:41  Starport Reactor, SCV  
  41  5:42  Engineering Bay, Marine x2  
  42  5:44  Engineering Bay  
  42  5:45  SCV  
  42  5:47  Barracks Tech Lab  
  45  5:51  Refinery  
  45  5:53  SCV  
  46  5:57  Marine, SCV  
  48  6:05  SCV  
  48  6:07  Marine  
  48  6:09  SCV  
  48  6:11  Marine x2  
  51  6:13  Stimpack, Combat Shields  
  51  6:16  Orbital Command  
  51  6:17  SCV  
  54  6:19  Marine  
  54  6:20  Terran Infantry Weapons Level 1, Terran Infantry Armor Level 1  
  54  6:21  Medivac, SCV  
  54  6:22  Siege Tank  
  58  6:27  Refinery  
  58  6:29  SCV  
  58  6:31  Marine  
  58  6:32  Marine x2  
  62  6:33  SCV  
  63  6:40  Barracks  
  63  6:41  Barracks, SCV  
  63  6:42  SCV  
  63  6:45  SCV  
  66  6:49  Marine x2  
  66  6:54  Siege Tank, SCV x2  
  69  6:57  SCV  
  74  7:02  Supply Depot x2  
  74  7:03  Marine x2  
  74  7:05  Medivac  
  74  7:06  SCV x2  
  74  7:07  Marine  
  81  7:09  SCV  
  81  7:10  Marine  
  81  7:14  Armory  
  83  7:18  SCV  
  83  7:19  SCV  
  85  7:23  Marine, Medivac, SCV  
  85  7:25  Supply Depot  
  85  7:26  Supply Depot, Marine  
  85  7:27  Siege Tank  
  85  7:29  Barracks Reactor x2  
  93  7:33  Marine  
  93  7:36  Medivac  
  96  7:39  SCV x3  
  96  7:41  Refinery  
  96  7:42  Refinery, Marine  
  96  7:43  Marine  
  101  7:48  Marine  
  103  7:51  SCV  
  103  7:54  Sensor Tower  
  103  7:55  SCV x2  
  103  7:58  Sensor Tower  
  105  8:03  SCV  
  105  8:07  SCV x2  
Tags
 
Composition
MMM BioMMM Bio
Matchup
TvT
Opening
1/1/1
Race
Terran
Strategy
Banshee Rush
Add a new tag
Caveats
  • Supply blocks, unpowered buildings, or Contaminate may cause inaccurate times.
  • Supply counts are checked every 10 seconds.